 Dungeon Crawl Stone Soup version 0.29-a0-1027-gcd8c55af63 (webtiles) character file.

Game seed: 10377000297736688146

98 frimble the Trooper (level 4, 0/54 HPs)
             Began as a Demonspawn Earth Elementalist on Aug 13, 2022.
             Slain by an orc
             ... wielding a +0 flail
              (4 damage)
             ... on level 4 of the Dungeon.
             The game lasted 00:02:16 (3168 turns).

frimble the Trooper (Demonspawn Earth Elementalist) Turns: 3168, Time: 00:02:17

Health: 0/54       AC: 22    Str:  9    XL:     4   Next: 44%
Magic:  4/7        EV:  2    Int: 22    God:
Gold:   137        SH:  0    Dex: 15    Spells: 6/7 levels left

rFire   . . .      SeeInvis .   m - +0 short sword
rCold   . . .      Faith    .   (no shield)
rNeg    . . .      Spirit   .   (body armour currently unavailable)
rPois   +          Reflect  .   (helmet currently unavailable)
rElec   .          Harm     .   (cloak currently unavailable)
rCorr   .          Rampage  .   (gloves currently unavailable)
Will    .....      NoTele   +   (boots currently unavailable)
Stlth   ++........              (no amulet)
HPRegen 0.18/turn               k - +6 ring of intelligence
MPRegen 0.10/turn               (no ring)

@: tree-form
A: stationary, stasis, torment immunity, boosted hp, (horns 1)
a: no special abilities


You were on level 4 of the Dungeon.
You were a tree.
You visited 1 branch of the dungeon, and saw 4 of its levels.

You collected 137 gold pieces.

Inventory:

Hand Weapons
 i - a +0 dagger
 m - a +0 short sword (weapon)
Armour
 a - a +0 robe (melded)
 f - a +0 pair of boots (melded)
 j - a +1 cloak (melded)
Jewellery
 k - a +6 ring of intelligence (left branch)
Scrolls
 d - a scroll of immolation
 h - a scroll of teleportation
Potions
 b - a potion of magic
 e - 2 potions of curing
 l - 2 potions of attraction {unknown}
 o - a potion of mutation {unknown}
 q - 2 potions of flight {unknown}


   Skills:
 + Level 3.6 Fighting
 - Level 2.0 Dodging
 - Level 2.0 Stealth
 - Level 2.1 Spellcasting
 - Level 1.1 Transmutations
 - Level 2.8 Earth Magic


You had 6 spell levels left.
You knew the following spells:

 Your Spells              Type           Power      Damage    Failure   Level
a - Sandblast             Erth           28%        2d8       4%          1

Your spell library contained the following spells:

 Spells                   Type           Power      Damage    Failure   Level
 Passwall                 Tmut/Erth      9%         N/A       9%          2
 Stone Arrow              Conj/Erth      16%        3d8       22%         3
 Petrify                  Tmut/Erth      11%        N/A       52%         4


Dungeon Overview and Level Annotations

Branches:
Dungeon (4/15)
 Temple: D:4-7

Altars:


Innate Abilities, Weirdness & Mutations

You are a tree.
Your roots penetrate the ground, keeping you stationary.
You cannot be teleported.
You are immune to unholy pain and torment.
Your maximum health is greatly increased.
Your equipment is partially melded.
((You have a pair of small horns on your head.))


Message History

The orc hits you with a +0 flail.
You hit the orc but do no damage. The orc misses you.
You hit the orc but do no damage. The orc hits you with a +0 flail.
You are too injured to fight recklessly!
You are too injured to fight recklessly!
You are too injured to fight recklessly!
You are too injured to fight recklessly!
You are too injured to fight recklessly!
You are too injured to fight recklessly!
You are too injured to fight recklessly!
You are too injured to fight recklessly!
You are too injured to fight recklessly!
Aiming: Sandblast (safe; 4% risk of failure)
Press: ? - help, Q - select action Shift-Dir - straight line, f - goblin
Aim: a goblin, wielding a +0 club (77% to hit)
The blast of sand hits the goblin!
You kill the goblin!
The orc misses you. The orc hits you with a +0 flail.
Aiming: Sandblast (safe; 4% risk of failure)
Press: ? - help, Q - select action Shift-Dir - straight line, f - orc
Aim: an orc, wielding a +0 flail, wearing a +3 ring mail and quivering boomerangs (84% to hit)
The blast of sand hits the orc but does no damage.
The orc hits you with a +0 flail. x2
You are too injured to fight recklessly!
You are too injured to fight recklessly!
You are too injured to fight recklessly!
Aiming: Sandblast (safe; 4% risk of failure)
Press: ? - help, Q - select action Shift-Dir - straight line, f/p - orc
Aim: an orc, wielding a +0 flail, wearing a +3 ring mail and quivering boomerangs (84% to hit)
The blast of sand hits the orc but does no damage.
The orc hits you with a +0 flail.
* * * LOW HITPOINT WARNING * * *
The orc hits you with a +0 flail.
* * * LOW HITPOINT WARNING * * *
Really quaff the potion of lignification?
You turn into a tree.
Your +1 cloak melds into your body.
Your +0 pair of boots melds into your body.
Your +0 robe melds into your body.
Your roots penetrate the ground.
The orc hits you with a +0 flail.
You die...

### .. #.# ###
....###<#### #..##
.........#.##.....
......#...........
..##..#.##.......#
#. #.#..)....## ..
..#.♣##..g..
##......o....#..
#..##.....### .
##.........#
...J!.......
.........##.#!
.##.#....# ## .
#.#....#


You could see an orc and an endoplasm (asleep).

Vanquished Creatures
  3 adders (D:3)
  A worm (D:2)
  4 dart slugs
  3 endoplasms
  6 giant cockroaches
  4 goblins
  4 hobgoblins
  8 jackals
  4 kobolds
  5 ball pythons
  9 bats
  3 frilled lizards
  5 rats
59 creatures vanquished.

Notes
Turn   | Place    | Note
-------+----------+-------------------------------------------
     0 | D:1      | frimble the Demonspawn Earth Elementalist began the quest
                  | for the Orb.
     0 | D:1      | Reached XP level 1. HP: 13/13 MP: 3/3
    38 | D:1      | Reached skill level 1 in Transmutations
    54 | D:1      | Found a faded altar of an unknown god.
    86 | D:1      | Gained mutation: You have a pair of small horns on your
                  | head. [demonic ancestry]
    86 | D:1      | Reached XP level 2. HP: 5/19 MP: 0/5
   746 | D:1      | Reached skill level 1 in Fighting
  1296 | D:2      | Reached XP level 3. HP: 23/27 MP: 6/6
  1396 | D:2      | Reached skill level 2 in Fighting
  2103 | D:3      | Reached skill level 3 in Fighting
  2103 | D:3      | Reached XP level 4. HP: 15/35 MP: 4/7
  3168 | D:4      | Slain by an orc

Illustrated notes

Levels and vault maps discovered:
D:1:      dpeg_arrival_radiant, layout_basic, hellmonk_ecumenical_altar_blasted
D:2:      layout_rooms
D:3:      layout_basic, roderic_batcave, guppyfry_early_lair_pool
D:4:      layout_cave_pools, nicolae_overflow_hidden_temple

Skill      XL: |  1  2  3 |
---------------+----------+-----
Transmutations | 1 |  1.1
Dodging        | 2 |  2.0
Stealth        | 2 |  2.0
Fighting       | 1 3 |  3.6
Spellcasting   | |  2.1
Earth Magic    | |  2.8

Action                   |  1- 3 |  4- 6 || total
-------------------------+-------+-------++-------
Melee: Unarmed           |    20 |       ||    20
       Dagger            |    16 |       ||    16
       Short sword       |    66 |    43 ||   109
       Headbutt          |    17 |    10 ||    27
 Cast: Sandblast         |    20 |    10 ||    30
  Use: Scroll            |     3 |     3 ||     6
       Potion            |       |     1 ||     1
 Stab: Sleeping          |     5 |     2 ||     7
Armor: Robe              |    39 |    38 ||    77
Dodge: Dodged            |    91 |    64 ||   155

Table legend: (Time is in decaauts)
 A = Elapsed time spent in this place.
 B = Non-inter-level travel time spent in this place.
 C = Inter-level travel time spent in this place.
 D = Time resting spent in this place.
 E = Time spent auto-exploring this place.
 F = Levels seen in this place.
 G = Mean time per level.
                   A        B        C        D        E       F      G
               +--------+--------+--------+--------+--------+-----+--------+
         Total |   3207 |   3164 |     43 |      0 |   2709 |   4 |  801.8 |
       Dungeon |   3207 |   3164 |     43 |      0 |   2709 |   4 |  801.8 |
               +--------+--------+--------+--------+--------+-----+--------+

Top non-repeatable levels by time:
     D:1: 1227 daAuts
     D:3: 1216 daAuts
     D:2: 746 daAuts
     D:4: 17 daAuts
